 Dungeon Sprint DCSS version 0.19-b1-4-gd8a0a2a (webtiles) character file.

6715 LORDOFBUTT the Imperceptible (level 10, -8/46 HPs)
             Began as a Spriggan Assassin on Oct 31, 2016.
             Was a High Priest of Dithmenos.
             Killed by an exploding ballistomycete spore (25 damage)
             ... in the Dungeon (Sprint I: "Red Sonja").
             The game lasted 00:05:34 (1523 turns).

LORDOFBUTT the Imperceptible (Spriggan Assassin)    Turns: 1523, Time: 00:05:34

Health: -8/46      AC:  5    Str:  7    XL:     10   Next: 74%
Magic:  11/11      EV: 17    Int: 13    God:    Dithmenos [*****.]
Gold:   749        SH:  0    Dex: 21    Spells: 0 memorised, 9 levels left

rFire  + . .     SeeInvis +     n - +0 short sword (distort)
rCold  . . .     Gourm    .     r - +2 robe {rF+}
rNeg   . . .     Faith    .     (shield restricted)
rPois  .         Spirit   .     (helmet restricted)
rElec  .         Reflect  .     d - +0 cloak
rCorr  .         Harm     .     (gloves unavailable)
MR     +....     NoTele   +     (boots unavailable)
Stlth  +++++.....               (no amulet)
                                (no ring)
                                (no ring)

@: confused, wreathed by umbra, very quick
A: unfitting armour, see invisible, herbivore 3, speed 3, slow metabolism 2
a: Shadow Step, Shadow Form, Renounce Religion


You were in the Dungeon.
You worshipped Dithmenos.
Dithmenos was extremely pleased with you.
You were not hungry.

You visited 1 branch You collected 896 gold pieces.
You spent 147 gold pieces at shops.

Inventory:

Hand Weapons
 a - a +2 dagger
 b - a +0 blowgun
 n - a +0 short sword of distortion (weapon)
Missiles
 e - 8 poisoned needles
 f - 9 curare-tipped needles
Armour
 d - a +0 cloak (worn)
 r - a +2 robe of fire resistance (worn)
Scrolls
 c - a scroll of remove curse {unknown}
 i - a scroll of identify {unknown}
 m - a scroll of blinking
 q - a scroll of enchant armour {unknown}
Potions
 h - a potion of curing
 j - 3 potions of resistance {unknown}
 k - 2 potions of magic
 l - a potion of berserk rage
 o - a potion of ambrosia {unknown}
 p - a potion of degeneration {unknown}
Comestibles
 g - a bread ration


   Skills:
 - Level 1.5 Fighting
 + Level 18.7 Short Blades
 - Level 2.0 Throwing
 - Level 1.5 Dodging
 + Level 25.0 Stealth


You had 9 spell levels left.
You didn't know any spells.

Dungeon Overview and Level Annotations

Branches:
Dungeon (1/1)

Altars:
Cheibriados
Dithmenos
Elyvilon
Fedhas
Gozag
Hepliaklqana
Kikubaaqudgha
Makhleb
Nemelex Xobeh
Okawaru
Qazlal
Ru
Sif Muna
Trog
Uskayaw
Vehumet
Xom
Yredelemnul
Zin
The Shining One
Jiyva
Lugonu

Shops:
D (*(*[([*}%}![(*(


Innate Abilities, Weirdness & Mutations

You are very small and have problems with some larger weapons.
You are too small for most types of armour.
You have supernaturally acute eyesight. (SInv)
You are a herbivore.
You cover ground extremely quickly.
You need consume almost no food.


Message History

Found 101 gold pieces, 2 potions of curing and a beef jerky.
Found 54 gold pieces.
There is an open door here.
Found 54 gold pieces.
You see here 27 gold pieces.
You see here 11 gold pieces.
You now have 722 gold pieces (gained 11).
You see here 27 gold pieces.
You now have 749 gold pieces (gained 27).
The ballistomycete spore explodes!
The explosion of spores engulfs you!
You are confused.
Ouch! That really hurt!
You emit a cloud of dark smoke.
The explosion of spores engulfs the ballistomycete spore.
The ballistomycete spore explodes!
The explosion of spores engulfs you!
You are more confused.
Ouch! That really hurt!
You die...

#⌠⌠#_.∩...'...§#§§§§)#§§#
####_..__##_.#'##'#####'###
#_____###'#.#§[..# #†'.#
############.####'### ###.#
#∩........'...'.....+ #.#
###++..####.).###########.#
###.###.......##§#
#$#§#$#........§§#
#$§@§$#'''######.#
#$§.§$#.†....§§#§#
#######.......#§.#
#.[}[.......≈####
#(.).......≈≈#
##......†≈≈≈## ###..≈≈≈≈###
###.######'###
#∩∩########∩∩#


There were no monsters in sight!

Vanquished Creatures
  2 centaur warriors (D)
  Sonja (D)
  2 unseen horrors (D)
  A deep troll (D)
  An oklob plant (D)
  2 kobold demonologists (D)
  2 demonic crawlers (D)
  A hornet (D)
  A slime creature (D)
  Sigmund (D)
  A redback (D)
  A yak (D)
  2 floating eyes (D)
  An ogre (D)
  4 necrophages (D)
  7 jellies (D)
  Ijyb (D)
31 creatures vanquished.

Vanquished Creatures (others)
  A redback (D)
  A necrophage (D)
  A jelly (D)
3 creatures vanquished.

Grand Total: 34 creatures vanquished

Notes
Turn   | Place    | Note
-------+----------+-------------------------------------------
     0 | D        | LORDOFBUTT the Spriggan Assassin began the quest for the Orb.
     0 | D        | Reached XP level 1. HP: 10/10 MP: 2/2
     1 | D        | Noticed Ijyb
     4 | D        | Killed Ijyb
     4 | D        | Reached skill level 8 in Stealth
     4 | D        | Reached XP level 2. HP: 14/14 MP: 3/3
   106 | D        | Noticed an ogre
   124 | D        | Killed an ogre
   124 | D        | Reached skill level 11 in Stealth
   124 | D        | Reached XP level 3. HP: 8/18 MP: 4/4
   124 | D        | Reached XP level 4. HP: 10/22 MP: 5/5
   302 | D        | Noticed Sigmund
   305 | D        | Killed Sigmund
   305 | D        | Reached skill level 14 in Stealth
   305 | D        | Reached XP level 5. HP: 25/25 MP: 6/6
   305 | D        | Reached XP level 6. HP: 30/30 MP: 7/7
   318 | D        | Found a deep blue altar of Sif Muna.
   320 | D        | Found a radiant altar of Vehumet.
   324 | D        | Reached skill level 10 in Short Blades
   330 | D        | Found a viscous altar of Jiyva.
   330 | D        | Found a corrupted altar of Lugonu.
   330 | D        | Noticed a slime creature
   331 | D        | Found a burning altar of Makhleb.
   331 | D        | Found a shimmering altar of Xom.
   333 | D        | Killed a slime creature
   333 | D        | Reached skill level 15 in Stealth
   343 | D        | Found Requang's General Store.
   343 | D        | Found an ancient bone altar of Kikubaaqudgha.
   343 | D        | Found a hazy altar of Hepliaklqana.
   343 | D        | Found a stormy altar of Qazlal.
   343 | D        | Found a hide-covered altar of Uskayaw.
   343 | D        | Found a blossoming altar of Fedhas.
   343 | D        | Found a bloodstained altar of Trog.
   343 | D        | Found an iron altar of Okawaru.
   343 | D        | Found a basalt altar of Yredelemnul.
   343 | D        | Found a glowing golden altar of the Shining One.
   343 | D        | Found a snail-covered altar of Cheibriados.
   343 | D        | Found a sacrificial altar of Ru.
   343 | D        | Found a glowing silver altar of Zin.
   343 | D        | Found a shadowy altar of Dithmenos.
   343 | D        | Found a white marble altar of Elyvilon.
   343 | D        | Noticed a yak
   344 | D        | Found an opulent altar of Gozag.
   345 | D        | Killed a yak
   345 | D        | Reached skill level 16 in Stealth
   345 | D        | Reached XP level 7. HP: 33/33 MP: 8/8
   346 | D        | Found a sparkling altar of Nemelex Xobeh.
   354 | D        | Became a worshipper of Dithmenos the Shadowed
   414 | D        | Noticed a kobold demonologist
   415 | D        | Noticed a kobold demonologist
   417 | D        | Reached skill level 17 in Stealth
   418 | D        | Killed a kobold demonologist
   418 | D        | Reached skill level 18 in Stealth
   420 | D        | Killed a kobold demonologist
   420 | D        | Reached * piety under Dithmenos
   420 | D        | Reached XP level 8. HP: 37/37 MP: 9/9
   426 | D        | Noticed a demonic crawler
   426 | D        | Noticed a demonic crawler
   426 | D        | Noticed a demonic crawler
   426 | D        | Noticed a demonic crawler
   428 | D        | Killed a demonic crawler
   428 | D        | Reached skill level 19 in Stealth
   429 | D        | Killed a demonic crawler
   429 | D        | Reached skill level 20 in Stealth
   550 | D        | Noticed Sonja
   554 | D        | Killed Sonja
   554 | D        | Reached ** piety under Dithmenos
   554 | D        | Reached skill level 15 in Short Blades
   554 | D        | Reached skill level 21 in Stealth
   554 | D        | Reached XP level 9. HP: 41/41 MP: 10/10
   578 | D        | Found Vyot's Weapon Boutique.
   598 | D        | Noticed a deep troll
   638 | D        | Killed a deep troll
   654 | D        | Noticed a centaur warrior
   656 | D        | Noticed a centaur warrior
   658 | D        | Killed a centaur warrior
   658 | D        | Reached skill level 22 in Stealth
   659 | D        | Killed a centaur warrior
   659 | D        | Reached skill level 23 in Stealth
   659 | D        | Reached XP level 10. HP: 18/46 MP: 11/11
   857 | D        | Reached *** piety under Dithmenos
   868 | D        | Noticed an oklob plant
   870 | D        | Killed an oklob plant
   913 | D        | Reached **** piety under Dithmenos
   920 | D        | Reached skill level 24 in Stealth
  1191 | D        | Noticed an unseen horror
  1192 | D        | Noticed an unseen horror
  1193 | D        | Found Tuninoph's General Store.
  1201 | D        | Killed an unseen horror
  1202 | D        | Killed an unseen horror
  1202 | D        | Reached ***** piety under Dithmenos
  1204 | D        | Found Faliol's Antique Armour Boutique.
  1301 | D        | Found Lixkaes's Antique Weapon Shop.
  1304 | D        | Found Vaom's Weapon Boutique.
  1304 | D        | Found Acsoeva's Assorted Antiques.
  1319 | D        | Found Ofasuope's Antique Weapon Emporium.
  1330 | D        | Reached skill level 25 in Stealth
  1417 | D        | Found Xonu's Weapon Emporium.
  1417 | D        | Found Quff's Antique Armour Shop.
  1417 | D        | Found Vaerr's Assorted Antiques.
  1417 | D        | Found Xidor's Gadget Boutique.
  1417 | D        | Found Bara Mokenu's Food Emporium.
  1417 | D        | Found Xufownau's Gadget Shop.
  1417 | D        | Found Wuel's Distillery.
  1422 | D        | Bought an embroidered robe for 147 gold pieces
  1433 | D        | Found Amupne's Armour Boutique.
  1523 | D        | Killed by an exploding ballistomycete spore

Skill      XL: |  1  2  3  4  5  6  7  8  9 10 |
---------------+-------------------------------+-----
Short Blades   | 4 7 9 12 13 15 17 18 | 18.7
Stealth        | 8 11 14 16 18 21 23 25 | 25.0
Fighting       | |  1.5
Throwing       | |  2.0
Dodging        | |  1.5

Action                   |  1- 3 |  4- 6 |  7- 9 | 10-12 || total
-------------------------+-------+-------+-------+-------++-------
Melee: Dagger            |     4 |     4 |     6 |       ||    14
       Short sword       |       |       |     9 |    64 ||    73
 Fire: Blowgun           |     5 |       |     4 |       ||     9
  Use: Potion            |       |       |     2 |       ||     2
 Stab: Sleeping          |     1 |     4 |     8 |    10 ||    23
       Distracted        |       |       |       |     1 ||     1
Armor: Robe              |       |       |       |     1 ||     1
Dodge: Dodged            |     2 |       |     2 |    17 ||    21
